 Dungeon Crawl Stone Soup version 0.30-a0-862-g1aabd4f9c5 (webtiles) character file.

Game seed: 8797123472826378952

91373 Querens the Warrior (level 16, -4/130 HPs)
             Began as a Djinni Conjurer on Mar 9, 2023.
             Was the Champion of Makhleb.
             Shot with a bolt by a naga sharpshooter (26 damage)
             ... on level 1 of the Snake Pit.
             The game lasted 01:29:28 (14999 turns).

Querens the Warrior (Djinni Conjurer)              Turns: 14999, Time: 01:29:29

Health: -4/130     AC:  7    Str:  6    XL:     16   Next: 50%
Gold:   170        EV: 21    Int: 29    God:    Makhleb [******] SH:  8 Dex: 15

rFire   + + +      SeeInvis +    Q - +5 hand axe (vamp)
rCold   + . .      Faith    +    F - +2 buckler
rNeg    . . .      Spirit   .    R - +0 leather armour {rC+}
rPois   ∞          Reflect  .    K - +0 helmet
rElec   +          Rampage  .    S - +1 cloak of Hitoloto {rC+ Will+++ Int-2 Dex+2}
rCorr   .                        e - +0 pair of gloves
Will    ++++.                    (boots unavailable)
Stlth   ++                       y - amulet "Uhut" {Faith +Inv rPois rF+ Regen+}
HPRegen 1.21/turn                Y - ring of Laonepub {rElec EV+5 Int+4}
MPRegen 0.00/turn                I - ring of Lurenuip {Wiz SInv}

@: flying
A: sickness immunity, fire resistance 2, cold vulnerability 1, float, innate
caster, HP casting, extra vitality 1
a: Renounce Religion, Evoke Invisibility, Minor Destruction, Lesser Servant of
Makhleb, Major Destruction, Greater Servant of Makhleb


You were on level 1 of the Snake Pit.
You worshipped Makhleb.
Makhleb was exalted by your worship.
You visited 5 branches of the dungeon, and saw 21 of its levels.
You also visited: Sewer and Gauntlet.

You collected 3280 gold pieces.
You spent 3110 gold pieces at shops.

Inventory:

Hand Weapons
 Q - a +5 vampiric hand axe (weapon)
Missiles
 x - 2 throwing nets
 V - 5 curare-tipped darts
Armour
 e - a +0 pair of gloves (worn)
 F - a +2 buckler (worn)
 K - a +0 helmet (worn)
 R - a +0 leather armour of cold resistance (worn)
 S - the +1 cloak of Hitoloto (worn) {rC+ Will+++ Int-2 Dex+2}
   (You acquired it on level 2 of the Lair of Beasts)

   Int:       It affects your intelligence (-2).
   Dex:       It affects your dexterity (+2).
   rC:        It protects you from cold.
   Will:      It greatly increases your willpower.
Magical Staves
 t - a staff of air
 u - a staff of cold
 W - a staff of death
Jewellery
 a - the ring "Zoczatia" {rC++ rN+}
   (You bought it in a shop on level 2 of the Orcish Mines)

   [ring of positive energy]

   rC:        It greatly protects you from cold.
   rN:        It protects you from negative energy.
 k - the ring of Ru's Displeasure {rN+ Dex+6 Stlth+}
   (You found it on level 4 of the Dungeon)

   [ring of dexterity]

   Dex:       It affects your dexterity (+6).
   rN:        It protects you from negative energy.
   Stlth:     It makes you more stealthy.
 y - the amulet "Uhut" (around neck) {Faith +Inv rPois rF+ Regen+}
   (You bought it in a shop on level 2 of the Orcish Mines)

   [amulet of faith]

   It allows you to gain divine favour quickly.
   rF:        It protects you from fire.
   rPois:     It protects you from poison.
   +Inv:      It lets you turn invisible.
   Regen:     It increases your rate of health regeneration.
 C - a ring of wizardry
 D - an amulet of reflection
 G - a ring of see invisible
 I - the ring of Lurenuip (right hand) {Wiz SInv}
   (You found it in a Gauntlet)

   [ring of wizardry]

   It improves your spell success rate.
   SInv:      It lets you see invisible.
 Y - the ring of Laonepub (left hand) {rElec EV+5 Int+4}
   (You bought it in a shop on level 2 of the Orcish Mines)

   [ring of evasion]

   EV:        It affects your evasion (+5).
   Int:       It affects your intelligence (+4).
   rElec:     It insulates you from electricity.
Wands
 d - a wand of charming (4)
 g - a wand of digging (2)
 p - a wand of flame (4)
 N - a wand of mindburst (5)
 X - a wand of light (1)
Scrolls
 f - 2 scrolls of poison
 l - 8 scrolls of teleportation
 o - a scroll of magic mapping {unknown}
 s - 2 scrolls of brand weapon
 w - 3 scrolls of fear
 z - 3 scrolls of enchant armour
 H - 3 scrolls of silence
 J - a scroll of blinking
 L - 3 scrolls of immolation
 M - a scroll of fog {unknown}
 U - a scroll of summoning {unknown}
Potions
 b - 3 potions of might
 c - a potion of experience {unknown}
 h - 7 potions of mutation
 i - 3 potions of heal wounds
 j - 6 potions of curing
 m - 2 potions of attraction
 n - 2 potions of ambrosia
 q - 2 potions of invisibility {unknown}
 r - 2 potions of flight {unknown}
 v - 4 potions of resistance
 A - a potion of cancellation {unknown}
 B - 5 potions of degeneration {unknown}
 E - a potion of brilliance {unknown}
 O - 2 potions of haste
 P - 2 potions of berserk rage {unknown}
 T - a potion of lignification {unknown}


   Skills:
 + Level 16.8 Fighting
 - Level 11.0 Dodging
 - Level 1.5 Stealth
 - Level 8.0 Shields
 + Level 13.6 Spellcasting
 + Level 8.8 Invocations


You knew the following spells:

 Your Spells              Type           Power      Damage    Failure   Level
a - Magic Dart            Conj           100%       1d8       0%          1
b - Searing Ray           Conj           100%       2d8       1%          2
c - Dazzling Flash        Conj/Hex       100%       N/A       1%          3
d - Fulminant Prism       Conj/Hex       39%        3d17      1%          4
e - Iskenderun's Mystic   Conj/Tloc      78%        2d16      1%          4
f - Summon Small Mammal   Summ           100%       N/A       0%          1
g - Blink                 Tloc           100%       N/A       1%          2
h - Swiftness             Air            78%        N/A       1%          3
i - Airstrike             Air            39%        2d(6-22)  1%          4
j - Agony                 Necr           78%        N/A       1%          5
k - Borgnjor's Vile Clut  Necr/Erth      39%        N/A       1%          5
l - Starburst             Conj/Fire      39%        6d11      1%          6
Your spell library was empty.

Dungeon Overview and Level Annotations

Branches:
Dungeon (11/15)            Temple (1/1) D:6            Lair (5/5) D:8
 Shoals (0/4) Lair:3        Snake (2/4) Lair:3        Slime (0/5) Lair:4
    Orc (2/2) D:10            Elf (0/3) Orc:2         Sewer (visited)
Gauntlet (visited)

Altars:
Ashenzari
Cheibriados
Dithmenos
Elyvilon
Fedhas
Gozag
Hepliaklqana
Makhleb
Nemelex Xobeh
Okawaru
Qazlal
Ru
Trog
Uskayaw
Wu Jian
Xom
Yredelemnul
Zin
The Shining One

Shops:
D:9 (   D:11 *   Orc:2 =[(*   Snake:2 ==:

Annotations:
D:4 Grinder
Lair:4 1 runed translucent door


Innate Abilities, Weirdness & Mutations

You are immune to sickness and miasma.
You are immune to poison.
Your flesh is very heat resistant. (rF++)
You are vulnerable to cold. (rC-)
You float through the air rather than walking.
You learn spells naturally, not from books.
Your magical power is your life essence.
You have superior vitality. (+4 MHP)


Message History

The naga sharpshooter shoots a bolt.
The bolt closely misses you.
Casting: Borgnjor's Vile Clutch (mildly dangerous; 1% risk of failure)
Confirm with . or Enter, or press ? or * to list all spells.
Casting: Starburst (dangerous; 1% risk of failure)
Press: ? - help, Dir - look around, f - activate The bolt of fire hits the naga sharpshooter!!!
The naga sharpshooter is almost dead.
The zombie hands constrict the naga sharpshooter.
The naga sharpshooter shoots a bolt.
The bolt hits you!
* * * LOW HITPOINT WARNING * * *
Casting: Starburst (dangerous; 1% risk of failure)
Confirm with . or Enter, or press ? or * to list all spells.
Casting: Starburst (dangerous; 1% risk of failure)
Press: ? - help, Dir - look around, f - activate The bolt of fire hits the naga sharpshooter!!!
You kill the naga sharpshooter!
Makhleb accepts your kill.
You feel better.
* * * LOW HITPOINT WARNING * * *
There is an open gate here.
You start resting.
A naga sharpshooter is nearby!
Casting: Starburst (mildly dangerous; 1% risk of failure)
Confirm with . or Enter, or press ? or * to list all spells.
Aiming: Borgnjor's Vile Clutch (mildly dangerous; 1% risk of failure)
Press: ? - help, Shift-Dir - straight line, f - naga sharpshooter
Aim: a naga sharpshooter, wielding a +0 arbalest (100% to hit)
Zombie hands grab the naga sharpshooter.
* * * LOW HITPOINT WARNING * * *
The zombie hands constrict the naga sharpshooter.
The naga sharpshooter casts a spell.
The naga sharpshooter magically shoots a bolt.
The bolt hits you!
* * * LOW HITPOINT WARNING * * *
Unknown command.
The zombie hands constrict the naga sharpshooter!
The naga sharpshooter gestures wildly while chanting.
The naga sharpshooter magically shoots a bolt.
The bolt hits you!!
You die...

..# ######...########## #..>. .##
....##...##.......###.... .)##
..................##..... ...#
..................##....# #..#
..................##....# #..#
..≈≈≈≈≈≈≈≈≈≈≈≈≈....##..... #..#
..≈≈≈≈≈≈≈≈≈≈≈≈≈....##..... #..#
...≈≈..)).N)).≈≈....##..... ...##
...≈≈.##''@##.§≈...###.....
..#.##/..≈≈.#)....#.≈≈...##......
.........≈≈.#)....#.≈≈...........
##.......≈≈N#)....#.≈≈...........
##..)....≈≈.#)....#.≈≈...........
###)##...≈≈.#).>..#.≈≈...##......
#.)## ...≈≈.#######N≈≈...###.#...
.).# .≈≈N.)S.N...≈≈....##.....
...# .≈≈≈≈≈≈≈≈≈≈≈≈≈....##.....


You could see a naga sharpshooter (clutched).

Vanquished Creatures
  Kirke (Lair:3)
  2 nagarajas
  An orc warlord (Orc:2)
  A quicksilver ooze (Gauntlet)
  A minotaur (Gauntlet)
  Josephine (Lair:3)
  4 hydras
  A salamander tyrant (Snake:2)
  2 anacondas (Snake:2)
  2 catoblepae (Lair:5)
  A boulder beetle (Lair:3)
  4 two-headed ogres
  An orc high priest (Orc:2)
  5 naga warriors
  2 shock serpents (Snake:1)
  Urug (Lair:1)
  Nergalle (Lair:3)
  12 naga sharpshooters
  Sonja (Lair:3)
  4 skysharks
  A salamander mystic (Snake:2)
  A sixfirhy (Gauntlet)
  Amaemon (Lair:2)
  A naga ritualist (Snake:2)
  A goliath frog (Lair:5)
  3 orc knights (Orc:2)
  2 wolf spiders (Lair:2)
  3 mana vipers
  6 salamanders
  2 ugly things (D:11)
  3 orc sorcerers (Orc:2)
  13 elephants
  2 torpor snails
  4 naga magi (Snake:1)
  25 cane toads
  11 black mambas
  An orange demon (Lair:2)
  A gargoyle (D:11)
  2 kobold demonologists
  3 rime drakes (Lair:3)
  10 komodo dragons
  3 trolls
  The ghost of Odexios the Slasher, an amateur GnRe (D:4)
  A tyrant leech (Lair:5)
  2 polar bears
  A queen bee (Lair:2)
  2 wolf spider simulacra (Gauntlet)
  18 blink frogs
  4 dream sheep (Lair:3)
  A shadow (D:10)
  6 wyverns
  A centaur simulacrum (Gauntlet)
  5 wraiths (Lair:3)
  47 yaks
  4 basilisks
  5 hogs (Lair:3)
  Grum (D:9)
  5 vampire mosquitoes (Lair:5)
  2 steam dragons
  A harpy simulacrum (Gauntlet)
  12 nagas
  An acid dragon (D:9)
  13 water moccasins
  A black bear (D:4)
  24 orc warriors
  3 sky beasts
  An ice beast (D:6)
  17 wolves
  6 ogres
  A phantom (D:7)
  6 centaurs
  4 kobold brigands
  14 bullfrogs
  3 scorpions
  11 wights (D:8)
  36 killer bees
  7 howler monkeys
  5 electric eels
  3 hounds
  3 quasits (D:4)
  2 jellies
  A gnoll bouda (D:4)
  19 orc priests
  7 iguanas
  21 orc wizards
  4 hell rats (Lair:4)
  A statue (D:6)
  A boggart simulacrum (Gauntlet)
  10 adders
  3 gnolls (D:4)
  2 shadow imps
  3 ufetubi (Gauntlet)
  3 worms (D:3)
  2 dart slugs (D:3)
  72 orcs
  9 endoplasms
  7 giant cockroaches
  8 goblins
  10 hobgoblins
  6 jackals
  6 quokkas
  13 ball pythons
  5 bats
  10 frilled lizards
  24 kobolds
  6 rats
680 creatures vanquished.

Vanquished Creatures (others)
  A bush (Lair:3)
  A demonic plant (Gauntlet)
  6 fulminant prisms
  41 fungi
  94 plants
  4 withered plants (Gauntlet)
147 creatures vanquished.

Grand Total: 827 creatures vanquished

Notes
Turn   | Place    | Note
-------+----------+-------------------------------------------
     0 | D:1      | Querens the Djinni Conjurer began the quest for the Orb.
     0 | D:1      | Querens set off with the following spells memorised: Magic
                  | Dart, Searing Ray, Dazzling Flash, Fulminant Prism,
                  | Iskenderun's Mystic Blast.
     0 | D:1      | Reached XP level 1. HP: 15/15 MP: 0/0
    88 | D:1      | Reached XP level 2. HP: 22/22 MP: 0/0
   113 | D:1      | Reached skill level 1 in Fighting
   304 | D:1      | Reached XP level 3. HP: 27/27 MP: 0/0
   304 | D:1      | Learned a level 1 spell: Summon Small Mammal
   649 | D:2      | Reached skill level 2 in Fighting
   684 | D:2      | Reached XP level 4. HP: 33/33 MP: 0/0
   904 | D:2      | Found a faded altar of an unknown god.
  1000 | D:3      | Found a glowing drain.
  1015 | Sewer    | Entered a sewer
  1105 | Sewer    | Reached XP level 5. HP: 40/40 MP: 0/0
  1105 | Sewer    | Learned a level 2 spell: Blink
  1138 | Sewer    | Reached skill level 3 in Fighting
  1180 | Sewer    | Noticed a bullfrog
  1181 | Sewer    | Noticed a bullfrog
  1186 | Sewer    | Killed a bullfrog
  1189 | Sewer    | Killed a bullfrog
  1190 | Sewer    | Reached XP level 6. HP: 35/47 MP: 0/0
  1341 | D:3      | Reached skill level 4 in Fighting
  1382 | D:3      | You are sucked into a shaft and drop 1 floor!
  1928 | D:4      | Reached XP level 7. HP: 20/53 MP: 0/0
  1928 | D:4      | Learned a level 3 spell: Swiftness
  1941 | D:4      | Noticed Grinder
  2100 | D:4      | Found a glowing golden altar of the Shining One.
  2102 | D:4      | Found a shadowy altar of Dithmenos.
  2112 | D:4      | Reached skill level 5 in Spellcasting
  2288 | D:4      | Reached skill level 5 in Fighting
  2323 | D:4      | Found a transporter.
  2323 | D:4      | Noticed Odexios's ghost (amateur GnRe)
  2382 | D:4      | Found a transporter.
  2435 | D:4      | Reached XP level 8. HP: 5/60 MP: 0/0
  2477 | D:5      | Entered Level 5 of the Dungeon
  2477 | D:5      | Noticed a two-headed ogre
  2722 | D:4      | Reached skill level 6 in Fighting
  2762 | D:4      | Killed Odexios's ghost
  2764 | D:4      | Identified the ring of Ru's Displeasure {rN+ Dex+6 Stlth+}
  2808 | D:5      | Reached skill level 7 in Fighting
  2943 | D:5      | Reached XP level 9. HP: 31/68 MP: 0/0
  2943 | D:5      | Learned a level 4 spell: Airstrike
  2953 | D:6      | Found a shimmering altar of Xom.
  3021 | D:6      | Found a staircase to the Ecumenical Temple.
  3035 | Temple   | Entered the Ecumenical Temple
  3426 | D:5      | Reached skill level 8 in Fighting
  3679 | D:5      | Killed a two-headed ogre
  3705 | D:5      | Found an ornate altar of the Wu Jian Council.
  3972 | D:6      | Found a bloodstained altar of Trog.
  4077 | D:6      | Reached skill level 9 in Fighting
  4152 | D:6      | Reached skill level 1 in Shields
  4152 | D:6      | Reached XP level 10. HP: 49/78 MP: 0/0
  4661 | D:7      | Found a stormy altar of Qazlal.
  4940 | D:8      | Found a staircase to the Lair.
  5558 | D:9      | Reached skill level 10 in Fighting
  5775 | D:9      | Found Girchobra's Weapon Boutique.
  5875 | D:9      | Noticed Grum
  5882 | D:9      | Killed Grum
  6028 | D:9      | Found an iron altar of Okawaru.
  6071 | D:9      | Reached skill level 5 in Shields
  6287 | D:10     | Entered Level 10 of the Dungeon
  6315 | D:10     | Reached XP level 11. HP: 60/86 MP: 0/0
  6315 | D:10     | Learned a level 5 spell: Agony
  6337 | D:10     | Found a staircase to the Orcish Mines.
  6435 | D:10     | Found a burning altar of Makhleb.
  6440 | D:10     | Became a worshipper of Makhleb the Destroyer
  6568 | D:10     | Found an opulent altar of Gozag.
  6617 | D:10     | Reached skill level 11 in Fighting
  6657 | D:10     | Noticed a two-headed ogre
  6665 | D:10     | Killed a two-headed ogre
  6851 | Orc:1    | Entered Level 1 of the Orcish Mines
  6981 | D:11     | Noticed a two-headed ogre
  6981 | D:11     | Noticed a boulder beetle
  7060 | D:11     | Noticed a boulder beetle
  7115 | D:11     | Reached * piety under Makhleb
  7295 | D:11     | Killed a two-headed ogre
  7402 | D:11     | Found Neblorch's Assorted Antiques.
  7423 | D:11     | Bought a scroll of identify for 54 gold pieces
  7423 | D:11     | Bought a scroll labelled OMYZXA VYXAG for 27 gold pieces
  7423 | D:11     | Bought a fizzy inky potion for 24 gold pieces
  7510 | D:11     | Noticed a brown ugly thing
  7519 | D:11     | Noticed a red ugly thing
  7528 | D:11     | Killed a red ugly thing
  7631 | D:11     | Reached skill level 12 in Fighting
  7631 | D:11     | Reached skill level 10 in Spellcasting
  7665 | D:11     | Killed a brown ugly thing
  7666 | D:11     | Reached XP level 12. HP: 60/95 MP: 0/0
  8082 | Orc:2    | Entered Level 2 of the Orcish Mines
  8090 | Orc:2    | Noticed a two-headed ogre
  8098 | Orc:2    | Killed a two-headed ogre
  8200 | Orc:2    | Reached ** piety under Makhleb
  8276 | Orc:2    | Found a staircase to the Elven Halls.
  8560 | Orc:2    | Noticed an orc high priest
  8583 | Orc:2    | Killed an orc high priest
  8679 | Orc:2    | Noticed an orc warlord
  8716 | Orc:2    | Noticed a soul eater
  8718 | Orc:2    | Reached skill level 13 in Fighting
  8719 | Orc:2    | Killed an orc warlord
  9149 | Orc:2    | Found Inkafeth's Antique Weapon Emporium.
  9155 | Orc:2    | Found Feomul's General Store.
  9246 | Orc:2    | Found Cescho's Antique Armour Emporium.
  9262 | Orc:2    | Found Lofeganen's Jewellery Emporium.
  9269 | Orc:2    | Bought the amulet "Uhut" {Faith +Inv rPois rF+ Regen+} for
                  | 978 gold pieces
  9312 | Orc:2    | Bought a scroll of identify for 24 gold pieces
  9312 | Orc:2    | Bought a scroll of silence for 114 gold pieces
  9431 | Lair:1   | Entered Level 1 of the Lair of Beasts
  9431 | Lair:1   | You are sucked into a shaft and drop 1 floor!
  9442 | Lair:2   | Reached *** piety under Makhleb
  9444 | Lair:2   | Reached XP level 13. HP: 102/103 MP: 0/0
  9444 | Lair:2   | Learned a level 5 spell: Borgnjor's Vile Clutch
  9526 | Lair:2   | Reached **** piety under Makhleb
  9608 | Lair:1   | Noticed Urug
  9618 | Lair:1   | Killed Urug
  9670 | Lair:1   | Reached skill level 14 in Fighting
  9678 | Lair:1   | Found a gate leading to a gauntlet.
  9714 | Gauntlet | Entered a Gauntlet
  9714 | Gauntlet | Found a transporter.
  9714 | Gauntlet | Found a transporter.
  9716 | Gauntlet | Found a transporter.
  9717 | Gauntlet | Found a transporter.
  9719 | Gauntlet | Found a transporter.
  9723 | Gauntlet | Noticed a quicksilver ooze
  9762 | Gauntlet | Found a transporter.
  9762 | Gauntlet | Found a transporter.
  9764 | Gauntlet | Found a transporter.
  9765 | Gauntlet | Noticed a quicksilver ooze
  9780 | Gauntlet | Found a transporter.
  9793 | Gauntlet | Found a transporter.
  9803 | Gauntlet | Found a transporter.
  9807 | Gauntlet | Found a transporter.
  9852 | Gauntlet | Found a transporter.
  9865 | Gauntlet | Found a transporter.
  9903 | Gauntlet | Reached ***** piety under Makhleb
  9932 | Gauntlet | Killed a quicksilver ooze
  9970 | Gauntlet | Identified the ring of Lurenuip {Wiz SInv}
 10010 | Gauntlet | Noticed a minotaur
 10017 | Gauntlet | Killed a minotaur
 10018 | Gauntlet | Reached skill level 5 in Dodging
 10542 | Lair:2   | Noticed Amaemon
 10558 | Lair:2   | Killed Amaemon
 10559 | Lair:2   | Reached skill level 1 in Invocations
 10559 | Lair:2   | Reached XP level 14. HP: 105/112 MP: 0/0
 10578 | Lair:2   | Identified 2 scrolls of acquirement
 10579 | Lair:2   | Acquired the +1 cloak of Hitoloto {rC+ Will+++ Int-2 Dex+2}
 10592 | Lair:2   | Acquired 806 gold pieces
 10893 | Lair:3   | Noticed Kirke
 10970 | Lair:4   | Reached ****** piety under Makhleb
 11085 | Lair:4   | Reached skill level 15 in Fighting
 11334 | Lair:4   | Found a runed translucent door.
 11335 | Lair:4   | Noticed an azure jelly
 11336 | Lair:4   | Noticed an azure jelly
 11337 | Lair:4   | Found a staircase to the Slime Pits.
 11566 | Lair:3   | Found a staircase to the Shoals.
 11639 | Lair:3   | Noticed Nergalle
 11700 | Lair:3   | Killed Nergalle
 11743 | Lair:3   | Noticed Sonja
 11756 | Lair:3   | Killed Sonja
 11805 | Lair:3   | Killed Kirke
 11860 | Lair:3   | Found a staircase to the Snake Pit.
 12035 | Lair:3   | Reached skill level 5 in Invocations
 12045 | Lair:3   | Noticed Josephine
 12057 | Lair:3   | HP: 4/106 [Josephine/ghostly fireball (29)]
 12224 | Lair:3   | Killed Josephine
 12310 | Lair:5   | Entered Level 5 of the Lair of Beasts
 12401 | Lair:5   | Reached XP level 15. HP: 89/117 MP: 0/0
 12401 | Lair:5   | Learned a level 6 spell: Starburst
 12593 | Lair:5   | Reached skill level 16 in Fighting
 12980 | Snake:1  | Entered Level 1 of the Snake Pit
 13009 | Snake:1  | Noticed a nagaraja
 13016 | Snake:1  | Killed a nagaraja
 13054 | Snake:1  | Reached skill level 10 in Dodging
 13407 | Snake:1  | HP: 3/122 [naga sharpshooter/arrow (25)]
 13575 | Snake:1  | Reached XP level 16. HP: 94/129 MP: 0/0
 14196 | Orc:2    | Bought the ring of Laonepub {rElec EV+5 Int+4} for 700 gold
                  | pieces
 14196 | Orc:2    | Bought a scroll of enchant armour for 90 gold pieces
 14215 | Orc:2    | Bought the ring "Zoczatia" {rC++ rN+} for 667 gold pieces
 14312 | D:11     | Bought a scroll of teleportation for 81 gold pieces
 14312 | D:11     | Bought a scroll of teleportation for 81 gold pieces
 14312 | D:11     | Bought a potion of haste for 270 gold pieces
 14567 | Snake:2  | Found Unulisk Eshu's Book Boutique.
 14568 | Snake:2  | Found Qeafaocleo's Jewellery Emporium.
 14568 | Snake:2  | Found Tedupe Quuh's Jewellery Emporium.
 14683 | Snake:2  | Noticed a nagaraja
 14693 | Snake:2  | Killed a nagaraja
 14960 | Snake:1  | HP: 3/130 [naga sharpshooter/bolt (22)]
 14999 | Snake:1  | Shot with a bolt by a naga sharpshooter

Illustrated notes

Levels and vault maps discovered:
D:1:      onia_arrival_pyramid, layout_loops_ring
D:2:      layout_rooms, shapermc_ecumenical_altar_rom_forum,
          minmay_pentomino_pile
D:3:      layout_rooms, portal_sewer_entry_b
D:4:      layout_basic, chequers_temple_overflow_statue_of_worship,
          gammafunk_ghost_stat_death, uniq_grinder
D:5:      layout_gridville, mainiacjoe_overflow_boulevard, hex_tiny,
          kennysheep_generic_room_7
D:6:      layout_cave_pools, mainiacjoe_overflow_tiny_flanked, vehumet_statue,
          trog_three_pillars_becter, temple_statues
D:7:      layout_loops_corners, mainiacjoe_overflow_six_doors_small
D:8:      layout_basic, dpeg_oklobed_lair, kennysheep_generic_room_16
D:9:      layout_long_grid, lemuel_tele_altar, serial_shops,
          nicolae_shop_behind_doors, nrook_campfire, minivault_11, uniq_grum
D:10:     layout_basic, mainiacjoe_overflow_small_starburst,
          grunt_gozag_breadcrumbs, david_orc_5
D:11:     layout_roguey, serial_shops, nicolae_shop_statue_plus
Temple:   grunt_temple_mini_profane
Lair:1:   layout_misc_corridors, gauntlet_entry_generic, grunt_megastairs_4,
          lemuel_fruit_fields, lemuel_fruit_tree, uniq_urug
Lair:2:   layout_roguey [special_room_bee], serial_rivers,
          chequers_serial_rivers_micro_b, chequers_serial_rivers_micro_a,
          chequers_serial_rivers_micro_b, chequers_serial_rivers_marsh,
          chequers_serial_rivers_micro_e, nicolae_lair_run_with_the_wolves,
          uniq_amaemon
Lair:3:   layout_cave_pods, elwin_shoals_entry_rocks,
          nicolae_snake_entry_squirm, nzn_sisyphean_effort, uniq_sonja,
          uniq_nergalle, uniq_josephine, uniq_kirke
Lair:4:   layout_long_grid, slime_entry_2, grunt_megastairs_5
Lair:5:   minmay_lair_end_frog_pond, layout_regular_city
Snake:1:  nicolae_snake_shooting_gallery, layout_layer_cave, serial_bayou_pond_a
Snake:2:  nicolae_aizul_guard, layout_onion_interference,
          nicolae_shop_i_like_big_books, nicolae_shop_firing_range,
          minmay_shop_grove
Orc:1:    layout_caves
Orc:2:    grunt_orc_cross, layout_diamond_mine, basic_altar

Skill      XL: |  1  2  3  4  5  6  7  8  9 10 11 12 13 14 15 16 |
---------------+-------------------------------------------------+-----
Fighting       | 1 2 3 4 5 7 9 10 12 13 14 15 16 | 16.8
Spellcasting   | 4 5 6 7 8 10 11 12 13 | 13.6
Shields        | 1 5 6 7 8 |  8.0
Dodging        | 6 8 10 11 | 11.0
Invocations    | 1 5 7 8 |  8.8
Stealth        | |  1.5

Action                     |  1- 3 |  4- 6 |  7- 9 | 10-12 | 13-15 | 16-18 || total
---------------------------+-------+-------+-------+-------+-------+-------++-------
  Melee: Dagger            |    67 |   160 |    63 |    64 |       |       ||   354
         Punch             |       |     2 |       |       |       |       ||     2
         Hand axe          |       |       |       |    89 |    38 |    18 ||   145
  Throw: Dart              |       |       |       |     1 |       |       ||     1
   Cast: Magic Dart        |     7 |       |       |       |     1 |       ||     8
         Dazzling Flash    |       |    12 |     4 |     1 |       |       ||    17
         Blink             |       |     2 |       |       |       |       ||     2
         Searing Ray       |       |     1 |     1 |     2 |     1 |       ||     5
         Iskenderun's Myst |       |       |    51 |   234 |   351 |    12 ||   648
         Summon Small Mamm |       |       |     1 |       |       |       ||     1
         Fulminant Prism   |       |       |     2 |       |     1 |     3 ||     6
         Airstrike         |       |       |     1 |     8 |    21 |    20 ||    50
         Borgnjor's Vile C |       |       |       |       |    52 |    40 ||    92
         Agony             |       |       |       |       |     3 |       ||     3
         Starburst         |       |       |       |       |    33 |     9 ||    42
  Evoke: Wand              |       |       |       |       |     3 |     3 ||     6
    Use: Scroll            |       |       |    11 |    11 |     9 |     2 ||    33
         Potion            |       |       |       |     2 |     1 |     2 ||     5
   Stab: Sleeping          |     5 |    10 |       |       |       |       ||    15
         Invisible         |       |     2 |     1 |       |       |       ||     3
 Armour: Robe              |    14 |    35 |    17 |    12 |       |       ||    78
         Leather armour    |       |       |       |    23 |    32 |     3 ||    58
  Dodge: Dodged            |    48 |    91 |    48 |    95 |   144 |    65 ||   491
  Block: Buckler           |       |       |       |   168 |    80 |    36 ||   284
         Reflection        |       |       |       |    19 |       |       ||    19

Table legend: (Time is in decaauts)
 A = Elapsed time spent in this place.
 B = Non-inter-level travel time spent in this place.
 C = Inter-level travel time spent in this place.
 D = Time resting spent in this place.
 E = Time spent auto-exploring this place.
 F = Levels seen in this place.
 G = Mean time per level.
                   A        B        C        D        E       F      G
               +--------+--------+--------+--------+--------+-----+--------+
         Total |  15065 |  13016 |   2049 |    100 |    287 |  23 |  655.0 |
       Dungeon |   7510 |   6405 |   1105 |      4 |      0 |  11 |  682.7 |
        Temple |    333 |    296 |     37 |      0 |    287 |   1 |  333.0 |
          Lair |   3389 |   2791 |    598 |      5 |      0 |   5 |  677.8 |
     Snake Pit |   1499 |   1312 |    187 |     66 |      0 |   2 |  749.5 |
  Orcish Mines |   1719 |   1599 |    120 |     25 |      0 |   2 |  859.5 |
         Sewer |    225 |    225 |      0 |      0 |      0 |   1 |  225.0 |
      Gauntlet |    387 |    387 |      0 |      0 |      0 |   1 |  387.0 |
               +--------+--------+--------+--------+--------+-----+--------+

Top non-repeatable levels by time:
   Orc:2: 1348 daAuts
  Lair:3: 1252 daAuts
 Snake:1: 1195 daAuts
    D:10: 947 daAuts
     D:4: 883 daAuts
     D:9: 873 daAuts
     D:5: 820 daAuts
     D:8: 695 daAuts
    D:11: 691 daAuts
     D:7: 641 daAuts
  Lair:2: 639 daAuts
  Lair:5: 586 daAuts
     D:3: 583 daAuts
  Lair:4: 578 daAuts
     D:1: 565 daAuts
